 Dungeon Crawl Stone Soup version 0.17-a0-1164-g0ba867e (webtiles) character file.

287 KlotserJr the Ducker (level 6, -2/30 HPs)
             Began as a Spriggan Warper on May 28, 2015.
             Was an Initiate of Gozag.
             Slain by Sigmund
             ... wielding a +0 scythe of flaming
              (10 damage)
             ... on level 4 of the Dungeon.
             The game lasted 00:20:48 (4028 turns).

KlotserJr the Ducker (Spriggan Warper)              Turns: 4028, Time: 00:20:48

Health: -2/30      AC:  9    Str:  9    XL:     6   Next: 8%
Magic:  0/12       EV: 21    Int: 15    God:    Gozag
Gold:   373        SH:  0    Dex: 15    Spells: 3 memorised, 7 levels left

rFire  . . .     SeeInvis +     m - +3 dagger (protect)
rCold  . . .     Clarity  .     b - +1 robe
rNeg   . . .     SustAt   .     (shield restricted)
rPois  .         Gourm    .     (helmet restricted)
rElec  .         Spirit   +     n - +0 cloak
rCorr  .         Warding  .     (gloves unavailable)
rMut   .         Stasis   .     (boots unavailable)
MR     +....                    t - amulet of guardian spirit
Stlth  +++.......               (no ring)
                                (no ring)

@: very quick, somewhat resistant to hostile enchantments, fairly stealthy
A: unfitting armour, see invisible, herbivore 3, speed 3, slow metabolism 2
a: Potion Petition, Call Merchant, Bribe Branch, Renounce Religion


You were on level 4 of the Dungeon.
You worshipped Gozag.
Gozag was noncommittal.
You were not hungry.

You visited 1 branch of the dungeon, and saw 4 of its levels.

You collected 392 gold pieces.
You paid 19 gold pieces to Gozag.

Inventory:

Hand weapons
 l - a +2 quarterstaff of chaos
 m - a +3 dagger of protection (weapon)
Missiles
 e - 3 tomahawks of dispersal (quivered)
 r - 3 tomahawks
Armour
 a - a +0 robe
 b - a +1 robe (worn)
 n - a +0 cloak (worn)
 p - a +0 robe
Jewellery
 t - an amulet of guardian spirit (around neck)
Scrolls
 d - 2 scrolls of blinking
 h - a scroll of fear
 o - a scroll of enchant armour
Potions
 g - a potion of magic
 j - a potion of flight
 k - 2 potions of curing
 q - a potion of mutation {unknown}
Books
 c - a book of Spatial Translocations

   Spells                             Type                      Level
   a - Apportation                    Translocation                1
   b - Blink                          Translocation                2
   c - Shroud of Golubria             Charms/Translocation         2
   d - Portal Projectile              Translocation                3
   e - Teleport Other                 Translocation                3
   f - Passage of Golubria            Translocation                4
Comestibles
 f - a bread ration
 i - 4 fruits


   Skills:
 - Level 1.5 Fighting
 + Level 4.1 Short Blades
 - Level 1.1 Throwing
 + Level 6.0 Dodging
 + Level 3.5 Stealth
 + Level 3.7 Spellcasting
 - Level 5.4 Translocations


You had 7 spell levels left.
You knew the following spells:

 Your Spells              Type           Power        Failure   Level  Hunger
a - Apportation           Tloc           ###.......   1%          1    None
b - Blink                 Tloc           N/A          3%          2    ##.....
c - Shroud of Golubria    Chrm/Tloc      ##........   12%         2    ##.....


Dungeon Overview and Level Annotations

Branches:
Dungeon (4/15)
 Temple: D:4-7

Altars:
Gozag

Annotations:
D:3 Grinder
D:4 Sigmund


Innate Abilities, Weirdness & Mutations

You are tiny and cannot use many weapons and most armour.
You have supernaturally acute eyesight.
You are a herbivore.
You cover ground extremely quickly.
You need consume almost no food.


Message History

You hit Sigmund but do no damage.
Sigmund is severely wounded.
Sigmund screams, "Don't try to resist!"
Sigmund closely misses you.
You barely miss Sigmund.
Sigmund is severely wounded.
You closely miss Sigmund.
Sigmund is severely wounded.
Sigmund misses you.
You hit Sigmund.
Sigmund is almost dead.
You closely miss Sigmund.
Sigmund is almost dead.
Sigmund gestures at you while chanting. The puff of flame misses you.
You hit Sigmund.
Sigmund is almost dead.
Sigmund hits you with a scythe of flaming!
You die...
Your body crumbles into a pile of gold.

#.# ########.##
#.........#
#.##...##.#####
#.#.###.#.#....
#..## ##.......
#.## ##......
#########.#
#....##
#..>?@@...#
#....##
#.#######..#
#...>.#. #...#
#.....##.
.......#....##.
#.###.##.......
#.# #.###......
#.. . .......
## #.###. #. #.


You could see Sigmund (invisible).

Vanquished Creatures
  A scorpion (D:4)
  A hound (D:4)
  Crazy Yiuf (D:2)
  An orc priest (D:3)
  Terence (D:3)
  Robin (D:2)
  2 adders
  4 worms
  An adder skeleton (D:4)
  3 giant geckos
  7 orcs
  3 giant cockroaches
  9 hobgoblins
  2 jackals (D:2)
  7 kobolds
  2 quokkas
  5 bats
  4 giant newts
  14 goblins
  7 rats
76 creatures vanquished.

Notes
Turn   | Place    | Note
--------------------------------------------------------------
     0 | D:1      | KlotserJr the Spriggan Warper began the quest for the Orb.
     0 | D:1      | Reached XP level 1. HP: 10/10 MP: 5/5
   709 | D:1      | Reached XP level 2. HP: 14/14 MP: 6/6
  1062 | D:2      | Noticed Robin
  1134 | D:2      | Reached XP level 3. HP: 7/18 MP: 8/8
  1163 | D:2      | Killed Robin
  1163 | D:2      | Reached skill level 5 in Translocations
  1451 | D:2      | Found an opulent altar of Gozag.
  1475 | D:2      | Became a worshipper of Gozag Ym Sagoz the Greedy
  1499 | D:2      | Learned a level 2 spell: Blink
  1596 | D:2      | Noticed Crazy Yiuf
  1606 | D:2      | Killed Crazy Yiuf
  1606 | D:2      | Reached skill level 5 in Dodging
  1606 | D:2      | Reached XP level 4. HP: 7/22 MP: 7/9
  2068 | D:2      | Learned a level 2 spell: Shroud of Golubria
  2197 | D:3      | Noticed Terence
  2260 | D:3      | Killed Terence
  2260 | D:3      | Reached skill level 1 in Stealth
  2455 | D:3      | Reached XP level 5. HP: 14/25 MP: 10/10
  2947 | D:3      | Noticed Grinder
  2958 | D:3      | Paralysed by Grinder for 5 turns
  2974 | D:3      | HP: 1/25 [Grinder/nerve-wracking pain (1)]
  3898 | D:4      | Reached skill level 6 in Dodging
  3898 | D:4      | Reached XP level 6. HP: 7/30 MP: 3/12
  4000 | D:4      | Noticed Sigmund
  4028 | D:4      | Slain by Sigmund

Vault maps used:
D:1:      wheals_arrival_linesprint
D:2:      grunt_gozag_breadcrumbs, minmay_close_crescents,
          uniq_crazy_yiuf_cottage, uniq_robin
D:3:      uniq_grinder, uniq_terence
D:4:      first_bread, uniq_sigmund

Action                   |  1- 3 |  4- 6 || total
-------------------------+-------+-------++-------
Melee: Short sword       |    45 |       ||    45
       Dagger            |    91 |   256 ||   347
Throw: Tomahawk          |     1 |     1 ||     2
 Cast: Blink             |     3 |       ||     3
       Shroud of Golubri |       |     3 ||     3
  Use: Scroll            |     6 |     4 ||    10
       Potion            |       |     2 ||     2
 Stab: Sleeping          |     2 |     2 ||     4
  Eat: Pizza             |       |     1 ||     1
